[Event "ICC tourney 2163 (75 10)"]
[Site "Internet Chess Club"]
[Date "2020.11.29"]
[Round "9"]
[White "pandaexpress"]
[Black "sathviks"]
[Result "0-1"]
[ICCResult "White resigns"]
[WhiteElo "2420"]
[BlackElo "2243"]
[Opening "Scandinavian (center counter) defense"]
[ECO "B01"]
[NIC "SD.01"]
[Time "18:41:12"]
[PlyCount "52"]
[TimeControl "4500+10"]


1. e4 d5 2. exd5 Qxd5 3. Nc3 Qa5 4. d4 Nf6 5. Bd2 c6 6. Bc4 Qb6 7. Nf3 Bf5
8. O-O e6 9. Rb1 Bd6 10. b4 O-O 11. Re1 Nbd7 12. Bb3 Qc7 13. Qe2 Rfe8 14.
Ne5 Bxb4 15. Nd1 Bxd2 16. Qxd2 Rad8 17. Qe3 Nd5 18. Qf3 Nxe5 19. dxe5 Qa5
20. Nb2 b5 21. a4 Nc3 22. Ra1 Qb4 23. axb5 cxb5 24. Nd1 Nxd1 25. Rexd1
Rxd1+ 26. Qxd1 a5 { White resigns } 0-1

[Event "ICC tourney 2163 (75 10)"]
[Site "Internet Chess Club"]
[Date "2020.11.29"]
[Round "9"]
[White "josuevm"]
[Black "BlueJay01"]
[Result "1-0"]
[ICCResult "Black resigns"]
[WhiteElo "2272"]
[BlackElo "2094"]
[Opening "Evans gambit declined, 5.a4"]
[ECO "C51"]
[NIC "IG.05"]
[Time "18:33:21"]
[PlyCount "41"]
[TimeControl "4500+10"]


1. e4 e5 2. Nf3 Nc6 3. Bc4 Bc5 4. b4 Bb6 5. a4 a5 6. b5 Nd4 7. Nxd4 exd4 8.
O-O Ne7 9. Qh5 O-O 10. d3 c6 11. Bg5 Qe8 12. Nd2 Kh8 13. e5 Ng6 14. f4 d5
15. exd6 Qe3+ 16. Kh1 f6 17. Ne4 fxg5 18. Nxg5 h6 19. Qxg6 Bf5 20. Nf7+
Rxf7 21. Qxf7 { Black resigns } 1-0

[Event "ICC tourney 2163 (75 10)"]
[Site "Internet Chess Club"]
[Date "2020.11.29"]
[Round "9"]
[White "GGuseinov"]
[Black "NyzhnykIllia"]
[Result "1/2-1/2"]
[ICCResult "Game drawn by repetition"]
[WhiteElo "2715"]
[BlackElo "2729"]
[Opening "Petrov: modern attack, Symmetrical variation"]
[ECO "C43"]
[NIC "RG.02"]
[Time "18:33:13"]
[PlyCount "95"]
[TimeControl "4500+10"]


1. e4 e5 2. Nf3 Nf6 3. d4 Nxe4 4. Bd3 d5 5. Nxe5 Nd7 6. Nxd7 Bxd7 7. O-O
Be7 8. c4 Nf6 9. Nc3 dxc4 10. Bxc4 O-O 11. Re1 c6 12. a4 Bg4 13. Qb3 Qd7
14. h3 Bh5 15. d5 a5 16. Bg5 cxd5 17. Bxf6 dxc4 18. Rxe7 Qxe7 19. Bxe7 cxb3
20. Bxf8 Kxf8 21. Ra3 f6 22. Rxb3 Ra7 23. Rb6 Be8 24. Nb5 Bxb5 25. Rxb5 Ke7
26. Rh5 h6 27. g4 Kd6 28. Kg2 b6 29. Rb5 Kc6 30. Kf3 Rd7 31. Ke4 g6 32. h4
Rd2 33. f4 Re2+ 34. Kf3 Re1 35. g5 fxg5 36. hxg5 hxg5 37. Rxg5 Re6 38. Kg4
Kd6 39. Rb5 Ke7 40. Kg5 Rd6 41. Rb3 Kf7 42. Rc3 Rd5+ 43. Kg4 b5 44. Rc7+
Kf6 45. Rc6+ Kf7 46. Rc7+ Kf6 47. Rc6+ Kf7 48. Rc7+ { Game drawn by
repetition } 1/2-1/2

[Event "ICC tourney 2163 (75 10)"]
[Site "Internet Chess Club"]
[Date "2020.11.29"]
[Round "9"]
[White "Markss1420"]
[Black "phoenix10q72"]
[Result "0-1"]
[ICCResult "White resigns"]
[WhiteElo "2108"]
[BlackElo "2264"]
[Opening "Sicilian defense"]
[ECO "B20"]
[NIC "SI.48"]
[Time "18:33:15"]
[PlyCount "136"]
[TimeControl "4500+10"]


1. e4 c5 2. b3 d6 3. Bb2 e5 4. Nc3 Nc6 5. Bc4 g6 6. Nge2 Bg7 7. O-O Nge7 8.
d3 O-O 9. Nd5 a6 10. a4 Rb8 11. Nxe7+ Nxe7 12. a5 Kh8 13. Ng3 f5 14. f4
exf4 15. Bxg7+ Kxg7 16. Rxf4 d5 17. exd5 Nxd5 18. Bxd5 Qxd5 19. Qe1 Bd7 20.
Qc3+ Kg8 21. Qc4 Be6 22. Qxd5 Bxd5 23. b4 cxb4 24. Rxb4 Bc6 25. Ne2 Rfd8
26. d4 Be4 27. c3 Rbc8 28. Ra3 Rd7 29. c4 Kf7 30. c5 Rcd8 31. h4 h6 32. Kf2
Kf6 33. Rh3 Bc6 34. Rb6 Rxd4 35. Nxd4 Rxd4 36. Rc3 Rxh4 37. Rd3 Rf4+ 38.
Ke3 Re4+ 39. Kd2 Rg4 40. Rxc6+ bxc6 41. Rd6+ Ke5 42. Rxc6 Kd4 43. Kd1 Rxg2
44. Rc8 Kd5 45. c6 Kd6 46. Ke1 f4 47. Kf1 f3 48. Ra8 Kxc6 49. Rxa6+ Kb5 50.
Ra8 g5 51. a6 Kb6 52. a7 Kb7 53. Rh8 Kxa7 54. Rxh6 g4 55. Rf6 Kb7 56. Rg6
Kc7 57. Rf6 Kd7 58. Rf8 Ke6 59. Rf4 Ke5 60. Rf8 Ra2 61. Kg1 Ke4 62. Kf1 g3
63. Re8+ Kd5 64. Rd8+ Ke6 65. Re8+ Kd7 66. Re1 Rh2 67. Rd1+ Ke6 68. Kg1 f2+
{ White resigns } 0-1

[Event "ICC tourney 2163 (75 10)"]
[Site "Internet Chess Club"]
[Date "2020.11.29"]
[Round "9"]
[White "dopolian"]
[Black "creepycrawlies"]
[Result "1-0"]
[ICCResult "Black resigns"]
[WhiteElo "2269"]
[BlackElo "2159"]
[Opening "Sicilian: Najdorf, Zagreb (fianchetto) variation"]
[ECO "B91"]
[NIC "SI.14"]
[Time "18:33:11"]
[PlyCount "99"]
[TimeControl "4500+10"]


1. e4 c5 2. Nf3 d6 3. d4 cxd4 4. Nxd4 Nf6 5. Nc3 a6 6. g3 e5 7. Nde2 Be7 8.
a4 Nc6 9. Bg2 O-O 10. O-O Nb4 11. b3 Be6 12. Ba3 Qb6 13. Qd2 Rac8 14. a5
Qxa5 15. Nd5 Bxd5 16. Bxb4 Qc7 17. exd5 Qxc2 18. Qxc2 Rxc2 19. Nc3 Rc8 20.
Rfc1 Rxc1+ 21. Rxc1 g6 22. Ne2 Rxc1+ 23. Nxc1 Kf8 24. Ne2 Ke8 25. Nc3 Kd7
26. Ba5 Nh5 27. Bf3 Ng7 28. Na4 b5 29. Nb6+ Kc7 30. Nc4+ Kb7 31. Ne3 f5 32.
Bg2 Ne8 33. Nc2 Nf6 34. Nb4 Nd7 35. Nc6 Bf6 36. b4 e4 37. f3 exf3 38. Bxf3
Ne5 39. Nxe5 Bxe5 40. g4 fxg4 41. Bxg4 Bc3 42. Be6 h6 43. Kg2 Be1 44. Kf3
Bc3 45. Ke4 Be1 46. Bf7 g5 47. Kf5 Bd2 48. h3 Be3 49. Ke6 Bf4 50. Kd7 {
Black resigns } 1-0

[Event "ICC tourney 2163 (75 10)"]
[Site "Internet Chess Club"]
[Date "2020.11.29"]
[Round "9"]
[White "SkyAngel"]
[Black "RajeshCS"]
[Result "0-1"]
[ICCResult "White resigns"]
[WhiteElo "2189"]
[BlackElo "2310"]
[Opening "Sicilian: Pin variation (Sicilian counter-attack)"]
[ECO "B41"]
[NIC "SI.41"]
[Time "18:33:14"]
[PlyCount "70"]
[TimeControl "4500+10"]


1. e4 c5 2. Nf3 e6 3. d4 cxd4 4. Nxd4 Nf6 5. Nc3 Bb4 6. Bd3 Nc6 7. Nxc6
bxc6 8. O-O O-O 9. e5 Ne8 10. Qg4 Be7 11. Ne4 f5 12. exf6 Nxf6 13. Nxf6+
Bxf6 14. Qe4 g6 15. Bh6 Rf7 16. c3 d5 17. Qe3 e5 18. Rad1 Bf5 19. Bxf5 gxf5
20. Qf3 Qd7 21. Be3 Kh8 22. Qh3 Rg8 23. f4 e4 24. Rd2 Qe6 25. Bc5 Rd7 26.
Qe3 Qf7 27. Rfd1 Rgd8 28. a4 h5 29. a5 Kh7 30. a6 Bg7 31. Kh1 Bf8 32. b4
Bxc5 33. Qxc5 Qe6 34. Qd4 Kg6 35. c4 e3 { White resigns } 0-1

[Event "ICC tourney 2163 (75 10)"]
[Site "Internet Chess Club"]
[Date "2020.11.29"]
[Round "9"]
[White "savchess06"]
[Black "jy2020"]
[Result "0-1"]
[ICCResult "White checkmated"]
[WhiteElo "2082"]
[BlackElo "2218"]
[Opening "Sicilian: Najdorf, Byrne (English) attack"]
[ECO "B90"]
[NIC "SI.14"]
[Time "18:33:11"]
[PlyCount "104"]
[TimeControl "4500+10"]


1. e4 c5 2. Nf3 d6 3. d4 cxd4 4. Nxd4 Nf6 5. Nc3 a6 6. Be3 e5 7. Nb3 Be6 8.
Qd2 Nbd7 9. f4 b5 10. f5 Bc4 11. O-O-O Rc8 12. Kb1 Qc7 13. g3 Nb6 14. Bg2
b4 15. Nd5 Nbxd5 16. exd5 a5 17. h3 a4 18. Nc1 a3 19. Rh2 axb2 20. Nb3 Qb7
21. Kxb2 Qb5 22. Bg5 Qa4 23. Ra1 Qa3+ 24. Kb1 Nd7 25. Be3 Be7 26. Be4 Bd8
27. Qf2 Nf6 28. Qg2 Qa8 29. Bd2 Bxd5 30. Bxd5 Nxd5 31. Qe2 O-O 32. Qg4 Bf6
33. a4 bxa3 34. Bb4 Qa7 35. Rd2 Qb7 36. Bxa3 Nc3+ 37. Kc1 Ne4 38. Bxd6 Nxd2
39. Nxd2 Qc6 40. Nc4 Rfd8 41. Ne3 Rxd6 42. Ra3 Qh1+ 43. Kb2 e4+ 44. c3 Rd2+
45. Nc2 Qg2 46. Qd1 Rxd1 47. Rb3 Rd2 48. Ka3 Rxc2 49. Kb4 R2xc3 50. Rxc3
Bxc3+ 51. Kb5 Qb2+ 52. Ka6 Ra8# { White checkmated } 0-1

[Event "ICC tourney 2163 (75 10)"]
[Site "Internet Chess Club"]
[Date "2020.11.29"]
[Round "9"]
[White "shianen"]
[Black "nithin"]
[Result "1-0"]
[ICCResult "Black resigns"]
[WhiteElo "2197"]
[BlackElo "2250"]
[Opening "King's Indian: orthodox, Aronin-Taimanov, Benkö attack"]
[ECO "E99"]
[NIC "KI.02"]
[Time "18:33:12"]
[PlyCount "111"]
[TimeControl "4500+10"]


1. d4 Nf6 2. c4 g6 3. Nc3 Bg7 4. e4 d6 5. Nf3 O-O 6. Be2 e5 7. O-O Nc6 8.
d5 Ne7 9. Ne1 Nd7 10. f3 f5 11. g4 f4 12. h4 Kh8 13. Kg2 Ng8 14. g5 h6 15.
Rh1 Rf7 16. Nd3 Bf8 17. Qg1 hxg5 18. hxg5+ Rh7 19. Bxf4 exf4 20. Rxh7+ Kxh7
21. Qh2+ Kg7 22. Qh4 Be7 23. Nxf4 Ne5 24. Rh1 Bxg5 25. Qh7+ Kf8 26. Nxg6+
Nxg6 27. Qxg6 Qf6 28. Qxf6+ Bxf6 29. f4 Bd7 30. Rh7 Rd8 31. Bh5 Be8 32. Bf3
Rd7 33. Rh1 Rg7+ 34. Kf2 Bd4+ 35. Ke2 Bd7 36. Kd3 Bxc3 37. bxc3 Rg3 38. Ke2
Bg4 39. Bxg4 Rxg4 40. Kf3 Rg7 41. e5 Ne7 42. e6 Nf5 43. Rh5 Rg3+ 44. Kf2
Rxc3 45. Rxf5+ Ke8 46. Rh5 Rxc4 47. Rh8+ Ke7 48. Rh7+ Ke8 49. Ke3 Rc1 50.
Ke4 Rc4+ 51. Kf5 b5 52. Kg5 Kf8 53. f5 Kg8 54. Rd7 Rc1 55. Kf6 Re1 56. e7 {
Black resigns } 1-0

[Event "ICC tourney 2163 (75 10)"]
[Site "Internet Chess Club"]
[Date "2020.11.29"]
[Round "9"]
[White "Terry1234"]
[Black "Gfprasanna"]
[Result "0-1"]
[ICCResult "White resigns"]
[WhiteElo "2285"]
[BlackElo "2135"]
[Opening "QGD Slav: 3.Nf3"]
[ECO "D11"]
[NIC "SL.01"]
[Time "18:33:13"]
[PlyCount "110"]
[TimeControl "4500+10"]


1. d4 d5 2. c4 c6 3. Nf3 Nf6 4. Qb3 dxc4 5. Qxc4 Bf5 6. g3 e6 7. Bg2 Be7 8.
O-O h6 9. Nc3 O-O 10. Re1 Ne4 11. Bf4 Nd7 12. Qb3 Nb6 13. a4 Nxc3 14. bxc3
Be4 15. a5 Nd5 16. Qxb7 Nxf4 17. gxf4 Bd6 18. Ne5 Bxe5 19. Bxe4 Bxf4 20. e3
Bxh2+ 21. Kf1 Qg5 22. Bg2 Rab8 23. Qxc6 Rfc8 24. Qa6 Rxc3 25. Rec1 Rxc1+
26. Rxc1 Rb2 27. Qd3 g6 28. a6 h5 29. d5 Qf6 30. Rc2 Rxc2 31. Qxc2 Qa1+ 32.
Ke2 Qxa6+ 33. Qd3 Qxd3+ 34. Kxd3 exd5 35. Bxd5 Kg7 36. f4 f5 37. Ke2 Bg1
38. Kf3 Kf6 39. e4 fxe4+ 40. Bxe4 a5 41. Bc6 Bd4 42. Be8 h4 43. Bd7 Ke7 44.
Bc6 h3 45. Kg3 Be3 46. Be4 Kf6 47. Kxh3 Bxf4 48. Kg4 g5 49. Kf3 Ke5 50. Bc6
Kd4 51. Ke2 Kc3 52. Bd7 Kb4 53. Kd3 a4 54. Bc8 Kb3 55. Be6+ Kb2 { White
resigns } 0-1

[Event "ICC tourney 2163 (75 10)"]
[Site "Internet Chess Club"]
[Date "2020.11.29"]
[Round "9"]
[White "Sergeiaza"]
[Black "wolverine54"]
[Result "1-0"]
[ICCResult "Black resigns"]
[WhiteElo "2679"]
[BlackElo "2286"]
[Opening "Ruy Lopez: closed, Breyer, Borisenko variation"]
[ECO "C95"]
[NIC "RL.25"]
[Time "18:33:15"]
[PlyCount "99"]
[TimeControl "4500+10"]


1. e4 e5 2. Nf3 Nc6 3. Bb5 a6 4. Ba4 Nf6 5. O-O Be7 6. Re1 b5 7. Bb3 d6 8.
c3 O-O 9. h3 Nb8 10. d4 Nbd7 11. Nbd2 Bb7 12. Bc2 Re8 13. Nf1 Bf8 14. Ng3
g6 15. a4 c5 16. d5 c4 17. Bg5 h6 18. Be3 Kh7 19. Qd2 Qc7 20. Nh2 Bg7 21.
Rf1 Re7 22. Kh1 Nc5 23. f3 Rb8 24. axb5 axb5 25. Ng4 Nxg4 26. hxg4 Ree8 27.
Kg1 Ra8 28. Kf2 f6 29. Rxa8 Rxa8 30. Rh1 g5 31. Nf5 Bc8 32. Bxg5 fxg5 33.
Qxg5 Ra1 34. Rxh6+ Bxh6 35. Qxh6+ Kg8 36. Qg6+ Kf8 37. Qf6+ Qf7 38. Qd8+
Qe8 39. Qxd6+ Kg8 40. Qxc5 Bxf5 41. exf5 Qd8 42. g3 Qg5 43. Qc8+ Kf7 44.
Qe6+ Kf8 45. Qd6+ Kf7 46. Qg6+ Qxg6 47. fxg6+ Ke8 48. d6 Ra6 49. d7+ Kxd7
50. g7 { Black resigns } 1-0

[Event "ICC tourney 2163 (75 10)"]
[Site "Internet Chess Club"]
[Date "2020.11.29"]
[Round "9"]
[White "Kalmyk"]
[Black "Aleksandrov73"]
[Result "1-0"]
[ICCResult "Black resigns"]
[WhiteElo "2763"]
[BlackElo "2634"]
[Opening "Scotch: Mieses variation"]
[ECO "C45"]
[NIC "SO.04"]
[Time "18:34:07"]
[PlyCount "74"]
[TimeControl "4500+10"]


1. e4 e5 2. Nf3 Nc6 3. d4 exd4 4. Nxd4 Nf6 5. Nxc6 bxc6 6. e5 Qe7 7. Qe2
Nd5 8. g3 g6 9. c4 Nb6 10. b3 Bg7 11. f4 Bb7 12. Bg2 O-O-O 13. Ba3 Qe6 14.
Nd2 f6 15. Nf3 Rhe8 16. O-O fxe5 17. Bb2 h6 18. Rae1 c5 19. Nxe5 Bxe5 20.
fxe5 Bxg2 21. Qxg2 Rf8 22. Qd2 Rxf1+ 23. Rxf1 d5 24. exd6 Rxd6 25. Qxh6 a5
26. Qh8+ Rd8 27. Qe5 Qc6 28. Qf6 Qe4 29. Qf3 Qc2 30. Be5 Qd2 31. Bf4 Qd4+
32. Kg2 Qd7 33. h4 Re8 34. Rf2 a4 35. Kh2 axb3 36. axb3 Kb8 37. Rd2 Qe6 {
Black resigns } 1-0

[Event "ICC tourney 2163 (75 10)"]
[Site "Internet Chess Club"]
[Date "2020.11.29"]
[Round "9"]
[White "manest"]
[Black "KRASAVCHIK"]
[Result "0-1"]
[ICCResult "White resigns"]
[WhiteElo "2718"]
[BlackElo "2648"]
[Opening "Trompowsky attack (Ruth, Opocenský opening)"]
[ECO "A45"]
[NIC "QP.07"]
[Time "18:33:19"]
[PlyCount "148"]
[TimeControl "4500+10"]


1. d4 Nf6 2. Bg5 e6 3. e4 c5 4. e5 h6 5. Bc1 Nh7 6. d5 d6 7. Nc3 exd5 8.
Qxd5 Nc6 9. Bb5 Qd7 10. exd6 Bxd6 11. Qe4+ Qe6 12. Be3 Be5 13. O-O-O Bxc3
14. Qxe6+ Bxe6 15. bxc3 O-O 16. Bxc6 bxc6 17. Bxc5 Rfb8 18. a4 Nf6 19. f3
Nd7 20. Bd6 Rb7 21. Ne2 Nb6 22. Rd4 Rc8 23. Nf4 c5 24. Re4 Ba2 25. Kb2
Nxa4+ 26. Ka1 Nxc3 27. Re3 Nb5 28. Kxa2 Nxd6 29. Rb1 Rb6 30. Rxb6 axb6 31.
Nd5 Ra8+ 32. Kb1 Nc4 33. Rc3 b5 34. Ne3 Nxe3 35. Rxe3 Kf8 36. Re5 Rc8 37.
f4 f6 38. Rd5 b4 39. Kb2 c4 40. Rb5 b3 41. cxb3 cxb3 42. Kxb3 Rc1 43. Rb8+
Kf7 44. Rb7+ Kg6 45. f5+ Kh7 46. Re7 Rf1 47. Re2 Rxf5 48. Kc4 g5 49. Kd3
Rd5+ 50. Kc4 Rd1 51. Kc3 Kg6 52. Kc2 Rd4 53. Kc3 Rd1 54. Kc2 Rd5 55. Kc3 h5
56. Ra2 h4 57. h3 Rd1 58. Kc2 Rd6 59. Kc3 Kf5 60. Rf2+ Ke4 61. Kc2 f5 62.
Re2+ Kf4 63. Rf2+ Kg3 64. Rxf5 Rg6 65. Rd5 Kxg2 66. Rd3 g4 67. hxg4 h3 68.
Rd2+ Kg3 69. Rd3+ Kh4 70. Rd8 h2 71. Rh8+ Kg3 72. Kd3 Kg2 73. Ke3 Rxg4 74.
Rxh2+ Kxh2 { White resigns } 0-1

[Event "ICC tourney 2163 (75 10)"]
[Site "Internet Chess Club"]
[Date "2020.11.29"]
[Round "9"]
[White "Gukesh"]
[Black "helavir"]
[Result "0-1"]
[ICCResult "White resigns"]
[WhiteElo "2613"]
[BlackElo "2633"]
[Opening "English: Caro-Kann defensive system, Bogolyubov variation"]
[ECO "A12"]
[NIC "EO.64"]
[Time "18:33:28"]
[PlyCount "98"]
[TimeControl "4500+10"]


1. c4 c6 2. Nf3 d5 3. b3 Bg4 4. e3 Nf6 5. Bb2 e6 6. Be2 h6 7. h3 Bf5 8. d4
Nbd7 9. Nbd2 Be7 10. O-O a5 11. a3 O-O 12. c5 b5 13. b4 a4 14. Ne5 Qc7 15.
Ndf3 Rae8 16. Bd3 Bxd3 17. Qxd3 Nxe5 18. Nxe5 Nd7 19. Rad1 f5 20. f3 Bf6
21. f4 Bxe5 22. dxe5 Rf7 23. g4 Qd8 24. Qe2 Kh7 25. Kh2 Qe7 26. Rg1 Rg8 27.
g5 g6 28. gxh6 Qh4 29. Rg5 Kh8 30. Rdg1 Nf8 31. Bc3 Qxh6 32. Qg2 Rfg7 33.
Bd2 Nh7 34. Rg3 g5 35. Qf2 gxf4 36. Rxg7 Rxg7 37. Rxg7 Kxg7 38. exf4 Qh5
39. Be1 Nf8 40. Qh4 Qxh4 41. Bxh4 Kh6 42. Kg3 Kh5 43. Bf6 Ng6 44. Kf3 d4
45. Bg5 Nxe5+ 46. Ke2 Ng6 47. h4 Nxh4 48. Bf6 Kg4 49. Kd3 Nf3 { White
resigns } 0-1

[Event "ICC tourney 2163 (75 10)"]
[Site "Internet Chess Club"]
[Date "2020.11.29"]
[Round "9"]
[White "TjkTiger"]
[Black "Enamul"]
[Result "1/2-1/2"]
[ICCResult "Game drawn because neither player has mating material"]
[WhiteElo "2605"]
[BlackElo "2476"]
[Opening "English: Caro-Kann defensive system"]
[ECO "A11"]
[NIC "EO.64"]
[Time "18:34:01"]
[PlyCount "219"]
[TimeControl "4500+10"]


1. c4 c6 2. Nc3 d5 3. d4 Nf6 4. cxd5 cxd5 5. Bf4 Nc6 6. e3 a6 7. Be2 Bf5 8.
Nf3 e6 9. Qb3 Bd6 10. Bxd6 Qxd6 11. Qxb7 O-O 12. Qb3 Rfb8 13. Qa3 Nb4 14.
O-O Qc7 15. Ne1 h6 16. Rc1 Qd7 17. Na4 Ne4 18. Nd3 a5 19. Nac5 Nxc5 20.
Nxc5 Qe8 21. Bd1 e5 22. Ba4 Qe7 23. dxe5 Qxe5 24. Nd7 Bxd7 25. Bxd7 Rd8 26.
Bg4 d4 27. exd4 Rxd4 28. h3 Rd2 29. Qf3 Rad8 30. Rfe1 Qd6 31. Bf5 g6 32. a3
Nd5 33. Be4 Nf4 34. Rc2 Qe5 35. Rcc1 Qg5 36. b4 axb4 37. axb4 Ne2+ 38. Rxe2
Rxe2 39. Rc5 Qd2 40. Bd5 Qe1+ 41. Kh2 Rxf2 42. Bxf7+ Kg7 43. Qg3 Rxg2+ 44.
Qxg2 Rd2 45. Bd5 Qe5+ 46. Kh1 Rd1+ 47. Qg1 Rxg1+ 48. Kxg1 Qd4+ 49. Kg2 Qxb4
50. Rc2 h5 51. Bf3 Kf6 52. Re2 Kf5 53. Rf2 Kg5 54. Re2 Qf4 55. Re4 Qd6 56.
Re2 Kh6 57. Rc2 Qe5 58. Re2 Qf4 59. Re4 Qg5+ 60. Kf2 Qc5+ 61. Kg2 Kg5 62.
Re2 Kf5 63. Rf2 Ke5 64. Kg3 Kd4 65. Rd2+ Kc3 66. Rd1 Qg5+ 67. Kf2 Qh4+ 68.
Kg2 g5 69. Rh1 Kd2 70. Ra1 g4 71. hxg4 hxg4 72. Ra2+ Kc1 73. Ba8 Qh3+ 74.
Kg1 Qg3+ 75. Bg2 Qe3+ 76. Kf1 Qd3+ 77. Kg1 Qd4+ 78. Kh1 g3 79. Bf3 Qh8+ 80.
Kg1 Qh4 81. Re2 Kb1 82. Be4+ Kc1 83. Bf3 Qh6 84. Kg2 Qh2+ 85. Kf1 Qh3+ 86.
Kg1 Kb1 87. Be4+ Ka1 88. Bf3 Qh4 89. Kg2 Qh2+ 90. Kf1 Qh3+ 91. Kg1 Kb1 92.
Be4+ Kc1 93. Bf3 Qh6 94. Kg2 Qh4 95. Kg1 Qh3 96. Rg2 Qf5 97. Rxg3 Kd2 98.
Bg2 Qc5+ 99. Kh1 Qc1+ 100. Kh2 Qc7 101. Kh3 Qh7+ 102. Kg4 Qg6+ 103. Kf4
Qf6+ 104. Kg4 Qe6+ 105. Kh4 Ke2 106. Rf3 Qh6+ 107. Kg3 Qg5+ 108. Kh3 Qh5+
109. Kg3 Qxf3+ 110. Bxf3+ { Game drawn because neither player has mating
material } 1/2-1/2